Map: [ESL] Dynasty

Players

VITSolar (Solar) - Winner!

  • Race: Zerg Zerg
  • League: Master
  • Spawn Location: 1:00

Geralt (Gerald)

  • Race: Protoss Protoss
  • League: Master
  • Spawn Location: 7:00

Event: Bellum Gens Elite Stara Zagora 2024

VOD

Have the link to the VOD?

Description

Time

  • Played on: Sept. 7, 2024, 5:37 a.m.
  • Length: 14:47

All games in this series

Show
View Real Time Build Order
Export as new Build Order

VITSolar Zerg - Winner!

Build Orders: Hatch First 

Get SALT Encoding   

  12  0:00  Drone  
  13  0:08  Drone  
  14  0:15  Drone, Extractor  
  15  0:39  Hatchery  
  14  0:43  Extractor  
  14  0:44  Drone  
  15  0:50  Overlord  
  15  1:05  Spawning Pool  
  15  1:09  Drone  
  15  1:12  Drone  
  15  1:15  Drone  
  17  1:20  Drone  
  18  1:34  Drone  
  19  1:45  Drone  
  20  1:53  Queen  
  22  1:54  Queen  
  22  1:57  Zergling x2  
  22  1:59  Drone  
  26  2:05  Overlord  
  26  2:06  Unknown  
  26  2:08  Drone  
  26  2:12  Drone  
  26  2:14  Drone  
  28  2:25  Drone x2  
  30  2:33  Hatchery  
  30  2:36  Queen  
  31  2:40  Drone  
  31  2:42  Overlord  
  32  2:45  Zergling x2  
  32  2:47  Zergling x2  
  34  2:56  Drone  
  34  2:57  Drone  
  35  3:06  Drone x2, Metabolic Boost  
  35  3:08  Drone  
  35  3:09  Drone x2  
  39  3:16  Zergling x2  
  39  3:17  Zergling x2  
  39  3:19  Overlord  
  40  3:23  Lair  
  40  3:26  Drone  
  41  3:31  Zergling x2  
  42  3:35  Drone, Roach Warren  
  42  3:38  Drone x3, Extractor  
  42  3:39  Drone  
  45  3:43  Zergling x2  
  45  3:47  Queen  
  47  3:49  Drone  
  47  3:50  Drone  
  47  3:54  Spore Crawler  
  48  3:57  Drone x3  
  48  3:58  Drone  
  48  4:01  Drone  
  52  4:07  Overlord  
  52  4:13  Spore Crawler  
  52  4:15  Drone x3  
  52  4:16  Spore Crawler  
  53  4:17  Roach x2  
  53  4:21  Overseer  
  53  4:23  Overlord  
  57  4:26  Roach x2  
  57  4:28  Glial Reconstitution  
  57  4:31  Overseer  
  61  4:33  Roach  
  61  4:34  Roach  
  61  4:37  Overlord  
  65  4:40  Overlord  
  65  4:43  Roach x2  
  69  4:49  Roach x2  
  69  4:52  Overlord  
  73  4:56  Drone x3, Extractor  
  73  4:57  Drone, Evolution Chamber  
  75  5:00  Drone x2  
  75  5:03  Drone x2  
  75  5:05  Roach  
  81  5:08  Overlord  
  81  5:09  Drone  
  81  5:11  Drone x2  
  81  5:13  Drone  
  85  5:14  Drone  
  85  5:16  Extractor  
  85  5:19  Drone x4  
  89  5:23  Zerg Melee Weapons Level 1  
  89  5:28  Overlord  
  88  5:29  Roach  
  88  5:30  Roach  
  88  5:35  Drone x3, Baneling Nest  
  94  5:36  Drone  
  94  5:42  Overlord  
  95  5:43  Drone x2  
  95  5:48  Hatchery  
  96  5:53  Zergling x8  
  96  5:54  Zergling x2  
  96  5:56  Zergling x6  
  104  5:58  Zergling x2  
  104  6:02  Zergling x2  
  104  6:03  Zergling x4  
  108  6:06  Ravager x3  
  108  6:08  Roach  
  108  6:10  Overlord x2  
  112  6:14  Drone, Overlord  
  113  6:22  Drone  
  113  6:27  Drone x2  
  112  6:32  Zergling x2  
  112  6:33  Zergling x8  
  112  6:37  Zergling x8  
  119  6:41  Overlord  
  119  6:45  Drone x2  
  119  6:55  Drone x3  
  119  6:58  Drone x3  
  123  7:03  Roach  
  123  7:06  Overlord  
  123  7:07  Drone  
  123  7:08  Drone x5, Infestation Pit  
  131  7:12  Roach x2  
  133  7:19  Roach x2  
  133  7:22  Hatchery  
  131  7:23  Zergling x4  
  131  7:28  Zergling x6  
  136  7:31  Overlord  
  136  7:33  Zergling x2  
  136  7:34  Zergling x8  
  136  7:36  Zerg Melee Weapons Level 2  
  141  7:37  Baneling x11  
  141  7:38  Baneling x5  
  141  7:39  Zergling x6  
  141  7:41  Zergling x2  
  141  7:42  Zergling x6  
  148  7:44  Evolution Chamber  
  148  7:46  Overlord  
  148  7:47  Drone, Hive  
  148  7:49  Ravager x3  
  148  7:50  Drone  
  152  7:55  Zergling x10  
  152  7:57  Zergling x4  
  159  8:04  Centrifugal Hooks, Zergling x4  
  162  8:05  Drone x2  
  162  8:08  Zergling x12  
  166  8:13  Zergling x6  
  166  8:16  Zergling x2  
  166  8:18  Overlord  
  170  8:20  Overlord  
  170  8:21  Overlord  
  170  8:24  Zergling x2  
  170  8:25  Zergling x4  
  173  8:28  Zerg Missile Weapons Level 1  
  173  8:33  Zergling x4  
  173  8:34  Overlord  
  175  8:35  Zergling x10  
  178  8:43  Drone x2  
  178  8:44  Spine Crawler  
  178  8:45  Spore Crawler, Zergling x10  
  178  8:47  Pneumatized Carapace  
  183  8:50  Zergling x8  
  183  8:53  Zergling x8  
  192  8:56  Extractor  
  192  8:58  Adrenal Glands  
  192  8:59  Viper x2  
  197  9:03  Viper  
  197  9:08  Baneling x9  
  193  9:10  Ravager x2  
  193  9:13  Zergling x2  
  193  9:14  Zergling x12  
  200  9:27  Baneling x7  
  200  9:28  Baneling x3  
  200  9:34  Zergling x4  
  199  9:40  Zergling x4  
  199  9:41  Zergling x2  
  199  9:44  Zergling x10  
  199  9:49  Zergling x16  
  199  9:51  Zergling x20  
  198  10:00  Zergling x4  
  198  10:03  Zerg Melee Weapons Level 3, Hatchery  
  198  10:05  Zergling x6  
  199  10:07  Ultralisk Cavern, Zergling x2  
  199  10:11  Baneling x10  
  199  10:24  Zerg Missile Weapons Level 2  
  182  10:52  Zergling x18  
  182  10:53  Zergling x38  
  182  10:56  Zergling x2  
  184  11:00  Roach  
  157  11:09  Ultralisk x3  
  157  11:10  Zergling x2  
  166  11:12  Zergling x8  
  166  11:13  Zergling x6  
  166  11:14  Chitinous Plating  
  166  11:18  Drone x2  
  174  11:19  Drone x3, Extractor  
  174  11:20  Extractor  
  175  11:25  Zergling x6  
  175  11:26  Zergling x8  
  175  11:31  Zergling x8  
  186  11:35  Ultralisk  
  186  11:36  Zergling x2  
  186  11:38  Zergling x2  
  186  11:39  Zergling x2  
  195  11:43  Zergling x4  
  195  11:49  Zergling x2  
  195  11:50  Zergling x14  
  195  11:53  Zergling x8  
  199  11:55  Zergling x6  
  199  11:59  Zergling x10  
  189  12:04  Zergling x2  
  189  12:06  Zergling x2  
  189  12:12  Ultralisk  
  189  12:13  Zergling x6, Ultralisk  
  198  12:19  Zergling x4  
  198  12:22  Spine Crawler, Spore Crawler  
  198  12:23  Drone x2  
  200  12:33  Anabolic Synthesis  
  200  12:40  Zerg Ground Armor Level 1  
  200  12:43  Drone  
  199  12:48  Zergling x6  
  200  12:56  Hatchery  
  185  13:07  Zergling x34  
  167  13:13  Zergling x12, Ultralisk x4  
  167  13:14  Zergling x2  
  167  13:18  Zergling x12  
  175  13:25  Zergling x2, Ultralisk  
  170  13:27  Baneling x4  
  170  13:28  Zergling x2  
  170  13:29  Drone x2  
  170  13:31  Drone  
  170  13:34  Zergling x4  
  176  13:38  Zergling x2  
  176  13:40  Zergling x4  
  179  13:44  Zergling x6  
  175  13:49  Zergling x2  
  175  13:52  Zergling x6  
  177  13:56  Drone x2  
  177  13:59  Zergling x10, Ultralisk  
  190  14:03  Zergling x10  
  190  14:06  Baneling x15  
  190  14:08  Zergling x2  
  190  14:09  Zergling x6  
  199  14:17  Zergling x4  
  191  14:24  Zergling x22  
  191  14:26  Zergling x2  
Show
View Real Time Build Order
Export as new Build Order

Geralt Protoss 

Build Orders: 1 Gate Expand, Zealot Archon, Dark Templar Rush 

Get SALT Encoding   

  12  0:00  Probe  
  13  0:12  Probe  
  14  0:19  Pylon  
  14  0:24  Probe  
  15  0:37  Probe (Chrono Boost)  
  15  0:39  Gateway  
  16  0:46  Probe (Chrono Boost)  
  16  0:49  Assimilator  
  17  0:51  Probe (Chrono Boost)  
  18  1:03  Probe  
  19  1:15  Probe  
  20  1:26  Nexus  
  20  1:30  Probe  
  21  1:39  Cybernetics Core  
  21  1:42  Probe  
  22  1:47  Assimilator  
  22  1:54  Pylon  
  22  1:56  Probe  
  23  2:12  Adept (Chrono Boost), Probe  
  26  2:19  Twilight Council  
  26  2:24  Probe  
  26  2:28  Warp Gate  
  27  2:32  Adept (Chrono Boost)  
  27  2:36  Probe  
  30  2:39  Probe  
  31  2:48  Robotics Facility, Probe  
  31  2:51  Probe  
  33  2:54  Adept  
  35  3:00  Probe  
  35  3:05  Probe  
  35  3:12  Probe  
  37  3:18  Probe  
  38  3:24  Dark Shrine  
  38  3:34  Warp Prism (Chrono Boost), Probe  
  38  3:36  Gateway  
  38  3:40  Probe  
  42  3:48  Probe  
  43  3:54  Gateway  
  43  3:56  Probe (Chrono Boost)  
  42  4:04  Pylon  
  42  4:07  Probe (Chrono Boost)  
  42  4:09  Probe (Chrono Boost)  
  44  4:11  Assimilator  
  44  4:12  Probe (Chrono Boost)  
  44  4:13  Assimilator  
  44  4:16  Probe  
  46  4:24  Probe  
  47  4:29  Nexus  
  47  4:30  Probe  
  48  4:36  Probe, Dark Templar  
  51  4:38  Dark Templar  
  51  4:41  Pylon  
  51  4:42  Probe  
  54  4:54  Robotics Bay  
  54  4:58  Pylon  
  54  4:59  Archon, Probe  
  55  5:02  Shield Battery  
  55  5:04  Stalker  
  57  5:10  Stalker  
  57  5:12  Probe (Chrono Boost)  
  60  5:16  Probe (Chrono Boost)  
  61  5:24  Probe (Chrono Boost)  
  61  5:25  Immortal (Chrono Boost)  
  61  5:26  Probe (Chrono Boost)  
  67  5:29  Probe (Chrono Boost)  
  67  5:30  Probe (Chrono Boost)  
  67  5:34  Blink  
  69  5:38  Probe  
  69  5:42  Probe  
  71  5:45  Gateway, Probe  
  71  5:46  Gateway  
  72  5:50  Stalker  
  72  5:51  Probe  
  72  5:54  Probe  
  76  5:57  Shield Battery  
  76  5:59  Disruptor (Chrono Boost), Probe, Pylon  
  76  6:03  Probe  
  82  6:10  Probe  
  83  6:14  Assimilator  
  83  6:15  Forge  
  83  6:17  Gateway  
  83  6:23  Disruptor (Chrono Boost)  
  79  6:31  Stalker x3  
  89  6:34  Gravitic Drive  
  89  6:35  Pylon  
  89  6:44  Probe x3  
  92  6:47  Gateway  
  92  6:49  Gateway  
  92  6:53  Disruptor  
  96  7:00  Zealot  
  98  7:04  Probe x2, Protoss Ground Weapons Level 1 (Chrono Boost)  
  98  7:05  Probe  
  98  7:06  Pylon  
  99  7:08  Pylon  
  99  7:10  Pylon  
  99  7:11  Pylon  
  99  7:13  Zealot  
  101  7:21  Probe x2  
  101  7:24  Probe  
  101  7:25  Stalker x3  
  108  7:33  Nexus, Probe x2  
  108  7:35  Pylon  
  110  7:37  Templar Archives  
  110  7:39  Immortal  
  110  7:40  Stalker, Pylon  
  110  7:41  Stalker x2  
  120  7:50  Probe  
  121  7:54  Dark Templar x3  
  121  7:55  Probe  
  121  7:57  Dark Templar  
  130  8:00  Pylon  
  130  8:02  Archon x2  
  130  8:13  Probe  
  130  8:14  Probe  
  130  8:16  Probe, Photon Cannon  
  130  8:17  Dark Templar x2  
  137  8:25  Archon  
  137  8:28  Probe x2  
  137  8:29  Shield Battery  
  139  8:35  Shield Battery, Stalker x5  
  139  8:39  Assimilator  
  149  8:43  Assimilator  
  149  8:50  High Templar  
  149  8:53  Photon Cannon  
  149  8:54  High Templar  
  149  8:55  Photon Cannon  
  153  8:57  Shield Battery  
  153  8:59  Gateway x2  
  153  9:01  Gateway  
  153  9:03  Psionic Storm  
  153  9:11  Charge (Chrono Boost)  
  153  9:15  Probe  
  154  9:19  Immortal (Chrono Boost)  
  154  9:21  Photon Cannon  
  154  9:22  Shield Battery  
  154  9:23  Protoss Ground Weapons Level 2 (Chrono Boost), Probe  
  159  9:27  Pylon  
  159  9:32  Forge  
  159  9:33  Nexus  
  159  9:35  Pylon  
  159  9:37  Stalker x3  
  154  9:55  Stalker x2  
  158  10:01  Stalker x3, Zealot x4  
  158  10:02  Probe  
  158  10:06  Probe  
  174  10:09  Protoss Ground Armor Level 1 (Chrono Boost)  
  174  10:16  Stargate  
  174  10:20  Photon Cannon  
  174  10:21  Photon Cannon  
  174  10:22  High Templar x2, Photon Cannon  
  174  10:23  Shield Battery  
  174  10:24  Shield Battery  
  174  10:25  Photon Cannon  
  174  10:26  Photon Cannon  
  174  10:27  Immortal (Chrono Boost)  
  178  10:28  Shield Battery  
  178  10:30  Shield Battery  
  178  10:32  Pylon  
  178  10:35  Assimilator  
  182  10:36  Assimilator  
  182  10:37  Zealot x3  
  188  10:44  Probe  
  188  10:49  Archon  
  179  10:52  Zealot x6  
  137  11:11  Zealot x5  
  137  11:12  Probe (Chrono Boost), Immortal (Chrono Boost)  
  137  11:14  Probe (Chrono Boost)  
  137  11:15  Probe x2 (Chrono Boost)  
  155  11:24  Probe x2 (Chrono Boost)  
  160  11:29  Probe x3 (Chrono Boost)  
  160  11:30  Probe (Chrono Boost), High Templar x5, Photon Cannon  
  160  11:32  Probe (Chrono Boost), Photon Cannon  
  172  11:33  Photon Cannon  
  172  11:35  Gateway, Photon Cannon  
  172  11:36  Probe  
  172  11:37  Shield Battery, Probe  
  174  11:42  Assimilator  
  174  11:43  Zealot, Sentry x2  
  174  11:44  Zealot  
  182  11:48  Dark Templar  
  182  11:53  Zealot  
  177  11:58  Probe x2  
  158  12:04  Zealot  
  158  12:05  Zealot x3  
  158  12:06  Probe  
  167  12:18  High Templar x5  
  177  12:22  Gateway, Archon  
  177  12:23  Archon, High Templar  
  177  12:25  Pylon  
  177  12:28  Probe x2  
  177  12:29  Pylon  
  181  12:32  Photon Cannon  
  181  12:33  Sentry x2  
  181  12:34  Shield Battery  
  185  12:39  Zealot x3  
  191  12:49  Probe  
  192  12:53  Gateway  
  192  12:58  Stalker x3  
  190  13:00  Immortal  
  134  13:17  Zealot  
  134  13:18  Zealot  
  118  13:30  Robotics Facility  
  118  13:35  Probe  
  118  13:36  Fleet Beacon, Probe  
  118  13:40  Immortal (Chrono Boost)  
  124  13:42  High Templar x3, Photon Cannon  
  124  13:46  Photon Cannon  
  130  13:51  Probe  
  130  13:53  Pylon, High Templar x2  
  130  13:54  Archon  
  135  13:56  Photon Cannon  
  135  14:01  Pylon  
  135  14:02  High Templar, Photon Cannon  
  137  14:11  Zealot x6  
  137  14:16  Immortal (Chrono Boost)  
  153  14:22  Dark Templar  
  153  14:23  Dark Templar x2  
  163  14:27  Archon  
  163  14:29  Archon  
  163  14:30  Zealot  
  163  14:31  Zealot  
Tags
 
Add a new tag
Caveats
  • Supply blocks, unpowered buildings, or Contaminate may cause inaccurate times.
  • Supply counts are checked every 10 seconds.